 Dungeon Crawl Stone Soup version 0.28.0-53-g5a82cb258f (webtiles) character file.

Game seed: 6180210243819275024

583 unlimited1921 the Poker (level 7, -13/60 HPs)
             Began as a Gnoll Cinder Acolyte on July 8, 2022.
             Was a Follower of Ignis.
             Killed by divine providence
             ... invoked by an orc priest
              (16 damage)
             ... on level 4 of the Dungeon.
             The game lasted 00:12:45 (5518 turns).

unlimited1921 the Poker (Gnoll Cinder Acolyte)      Turns: 5518, Time: 00:12:46

Health: -13/60     AC:  8    Str: 22    XL:     7   Next: 37%
Magic:  11/12      EV: 10    Int: 13    God:    Ignis [*.....]
Gold:   197        SH:  0    Dex:  7    Spells: 10/13 levels left

rFire   + . .      SeeInvis .   s - +3 quarterstaff (chaos)
rCold   . . .      Faith    .   (shield currently unavailable)
rNeg    . . .      Spirit   .   p - +0 scale mail
rPois   .          Reflect  .   w - +0 helmet
rElec   .          Harm     .   j - +0 cloak
rCorr   .          Rampage  .   (no gloves)
Will    .....                   (no boots)
Stlth   ..........              (no amulet)
HPRegen 0.20/turn               d - +6 ring of strength
MPRegen 0.13/turn               (no ring)

@: no status effects
A: fangs 1, strong nose, distributed training
a: Renounce Religion, Fiery Armour, Foxfire Swarm, Rising Flame


You were on level 4 of the Dungeon.
You worshipped Ignis.
Ignis was aware of your devotion.
You visited 1 branch of the dungeon, and saw 4 of its levels.

You collected 197 gold pieces.

Inventory:

Hand Weapons
 a - a -1 spear of flaming
 h - a +0 short sword
 i - a +0 long sword
 s - a +3 quarterstaff of chaos (weapon)
 v - a +0 hunting sling
Missiles
 e - 2 poisoned darts (quivered)
 f - 113 stones
 l - 27 bolts
 u - 93 sling bullets
Armour
 j - a +0 cloak (worn)
 p - a +0 scale mail (worn)
 w - a +0 helmet (worn)
 y - a +0 chain mail
Magical Staves
 r - a staff of earth
 z - a staff of fire
Jewellery
 d - a +6 ring of strength (left hand)
 B - an amulet of regeneration
Wands
 b - a wand of acid (2)
 x - a wand of mindburst (19)
Scrolls
 c - a scroll of acquirement {unknown}
 o - a scroll of magic mapping {unknown}
 C - 2 scrolls of identify {unknown}
Potions
 g - 2 potions of heal wounds {unknown}
 k - 3 potions of curing {unknown}
 m - a potion of haste {unknown}
 n - 2 potions of invisibility {unknown}
 q - a potion of might {unknown}
 t - a potion of flight {unknown}
 A - a potion of brilliance {unknown}


   Skills:
 + Level 7.0 Fighting
 + Level 2.4 Short Blades
 + Level 2.4 Long Blades
 + Level 2.4 Axes
 + Level 2.4 Maces & Flails
 + Level 7.0 Polearms
 + Level 2.4 Staves
 + Level 2.4 Slings
 + Level 2.4 Bows
 + Level 2.4 Crossbows
 + Level 2.4 Throwing
 + Level 2.4 Armour
 + Level 2.4 Dodging
 + Level 2.4 Stealth
 + Level 2.4 Shields
 + Level 2.4 Unarmed Combat
 + Level 3.7 Spellcasting
 + Level 2.0 Conjurations
 + Level 2.0 Hexes
 + Level 2.0 Summonings
 + Level 2.0 Necromancy
 + Level 2.0 Translocations
 + Level 2.0 Transmutations
 + Level 5.8 Fire Magic
 + Level 2.0 Ice Magic
 + Level 2.0 Air Magic
 + Level 2.0 Earth Magic
 + Level 2.0 Poison Magic
 + Level 2.7 Invocations
 + Level 2.4 Evocations


You had 10 spell levels left.
You knew the following spells:

 Your Spells              Type           Power      Damage    Failure   Level
a - Slow                  Hex            28%        N/A       24%         1
b - Scorch                Fire           34%        2d6       8%          2

Your spell library contained the following spells:

 Spells                   Type           Power      Damage    Failure   Level
 Confusing Touch          Hex            7%         N/A       58%         3
 Vampiric Draining        Necr           7%         2d6       58%         3


Dungeon Overview and Level Annotations

Branches:
Dungeon (3/15)

Altars:


Innate Abilities, Weirdness & Mutations

You have very sharp teeth.
Your uncanny sense of smell can sniff out nearby items.
Your experience applies equally to all skills.


Message History

Your Hexes skill increases to level 2!
Your Summonings skill increases to level 2!
Your Necromancy skill increases to level 2!
Your Translocations skill increases to level 2!
Your Transmutations skill increases to level 2!
Your Ice Magic skill increases to level 2!
Your Air Magic skill increases to level 2!
Your Earth Magic skill increases to level 2!
Your Poison Magic skill increases to level 2!
An orc comes into view. It is wielding a +0 morningstar.
The orc hits you with a +0 morningstar!
* * * LOW HITPOINT WARNING * * *
The orc priest looks encouraged for a moment.
Casting: Scorch (safe; 8% risk of failure)
Confirm with . or Enter, or press ? or * to list all spells.
Flames lash the orc priest.
The orc priest is heavily wounded.
The orc priest's fire resistance burns away.
The orc hits you but does no damage.
Casting: Scorch (safe; 8% risk of failure)
Confirm with . or Enter, or press ? or * to list all spells.
Okay, then.
Unknown command.
Activating: Foxfire Swarm
Press: ? - help, Dir - look around, f - activate Flames leap up around you!
The foxfire hits the orc priest but does no damage.
The orc priest is heavily wounded.
The orc hits you but does no damage.
Your foxfire dissipates!
The foxfire hits the orc.
The orc is severely wounded.
The foxfire hits the orc but does no damage.
The orc is severely wounded.
The foxfire hits the orc.
You kill the orc!
The orc priest is no longer more vulnerable to fire.
The orc priest invokes the aid of Beogh against you.
Beogh smites you!
You die...

####### ### #.....# #..
#.###.# #.# #...#.# #.#
###### ###.#.# #.# #....#
#.#.# #.# #.##.#
#.#.######.# #.##.#####
###.#.....##.###.##.....##
#....oo..@................
##)##o.#########.##...#.#.
#....>...................
#.#############.#..#.#.#.
#...o)o..... ...#..#.....
######.##.#######..###.##
# #........# ...
#.#####.## ## #####.# #.#


You could see an orc priest and 2 orcs.

Vanquished Creatures
  A steam dragon (D:4)
  An orc warrior (D:4)
  An ogre (D:4)
  A centaur (D:4)
  Crazy Yiuf (D:2)
  Ijyb (D:3)
  4 gnolls (D:4)
  2 adders (D:2)
  An adder skeleton (D:4)
  A worm (D:2)
  5 orcs
  4 ball pythons
  6 endoplasms
  4 giant cockroaches
  13 goblins
  5 hobgoblins
  3 jackals (D:2)
  7 kobolds
  3 quokkas
  A bat (D:1)
  5 frilled lizards
70 creatures vanquished.

Vanquished Creatures (others)
  43 foxfires
43 creatures vanquished.

Grand Total: 113 creatures vanquished

Notes
Turn   | Place    | Note
-------+----------+-------------------------------------------
     0 | D:1      | unlimited1921 the Gnoll Cinder Acolyte began the quest for
                  | the Orb.
     0 | D:1      | Reached XP level 1. HP: 23/23 MP: 4/4
   145 | D:1      | Found a faded altar of an unknown god.
   385 | D:1      | Reached XP level 2. HP: 29/29 MP: 5/5
  1527 | D:2      | Reached XP level 3. HP: 29/35 MP: 7/7
  1637 | D:2      | Learned a level 1 spell: Slow
  1640 | D:2      | Learned a level 2 spell: Scorch
  1669 | D:2      | Reached skill level 1 in Invocations
  2278 | D:2      | Reached skill level 1 in Short Blades
  2278 | D:2      | Reached skill level 1 in Long Blades
  2278 | D:2      | Reached skill level 1 in Axes
  2278 | D:2      | Reached skill level 1 in Maces & Flails
  2278 | D:2      | Reached skill level 1 in Staves
  2278 | D:2      | Reached skill level 1 in Slings
  2278 | D:2      | Reached skill level 1 in Bows
  2278 | D:2      | Reached skill level 1 in Crossbows
  2278 | D:2      | Reached skill level 1 in Throwing
  2278 | D:2      | Reached skill level 1 in Armour
  2278 | D:2      | Reached skill level 1 in Dodging
  2278 | D:2      | Reached skill level 1 in Stealth
  2278 | D:2      | Reached skill level 1 in Shields
  2278 | D:2      | Reached skill level 1 in Unarmed Combat
  2278 | D:2      | Reached skill level 1 in Evocations
  2385 | D:2      | Reached XP level 4. HP: 41/41 MP: 3/8
  2823 | D:2      | Found a runed translucent door.
  2824 | D:2      | Noticed Crazy Yiuf
  2829 | D:2      | Killed Crazy Yiuf
  2830 | D:2      | Reached skill level 1 in Conjurations
  2830 | D:2      | Reached skill level 1 in Hexes
  2830 | D:2      | Reached skill level 1 in Summonings
  2830 | D:2      | Reached skill level 1 in Necromancy
  2830 | D:2      | Reached skill level 1 in Translocations
  2830 | D:2      | Reached skill level 1 in Transmutations
  2830 | D:2      | Reached skill level 1 in Ice Magic
  2830 | D:2      | Reached skill level 1 in Air Magic
  2830 | D:2      | Reached skill level 1 in Earth Magic
  2830 | D:2      | Reached skill level 1 in Poison Magic
  3380 | D:3      | Noticed Ijyb
  3393 | D:3      | Killed Ijyb
  3394 | D:3      | Reached XP level 5. HP: 21/47 MP: 1/9
  3844 | D:3      | You fall into a shaft and drop 1 floor!
  3870 | D:4      | Noticed an ogre
  3870 | D:4      | Noticed a centaur
  3870 | D:4      | Noticed a steam dragon
  3877 | D:4      | Killed a centaur
  3881 | D:4      | Killed an ogre
  3882 | D:4      | Reached XP level 6. HP: 22/53 MP: 8/11
  3890 | D:4      | Killed a steam dragon
  4504 | D:4      | Reached XP level 7. HP: 59/59 MP: 12/12
  5508 | D:4      | HP: 1/60 [orc/+0 morningstar (9)]
  5518 | D:4      | Killed from afar by an orc priest

Illustrated notes

Levels and vault maps discovered:
D:1:      shiori_arrival_oz, layout_basic,
          hellmonk_ecumenical_altar_heavens_door
D:2:      cheibrodos_greedy_goblins, layout_loops_ring, uniq_crazy_yiuf_cottage
D:3:      layout_loops_corners, uniq_jessica, uniq_pargi, uniq_natasha,
          uniq_terence, uniq_ijyb
D:4:      layout_basic, minmay_divided_ellipse

Skill      XL: |  1  2  3  4  5  6  7 |
---------------+----------------------+-----
Invocations    | 1 2 |  2.7
Short Blades   | 1 2 |  2.4
Long Blades    | 1 2 |  2.4
Axes           | 1 2 |  2.4
Maces & Flails | 1 2 |  2.4
Staves         | 1 2 |  2.4
Slings         | 1 2 |  2.4
Bows           | 1 2 |  2.4
Crossbows      | 1 2 |  2.4
Throwing       | 1 2 |  2.4
Armour         | 1 2 |  2.4
Dodging        | 1 2 |  2.4
Stealth        | 1 2 |  2.4
Shields        | 1 2 |  2.4
Unarmed Combat | 1 2 |  2.4
Evocations     | 1 2 |  2.4
Spellcasting   | 3 |  3.7
Conjurations   | 1 2 |  2.0
Hexes          | 1 2 |  2.0
Summonings     | 1 2 |  2.0
Necromancy     | 1 2 |  2.0
Translocations | 1 2 |  2.0
Transmutations | 1 2 |  2.0
Ice Magic      | 1 2 |  2.0
Air Magic      | 1 2 |  2.0
Earth Magic    | 1 2 |  2.0
Poison Magic   | 1 2 |  2.0
Fighting       | 7 |  7.0
Polearms       | 7 |  7.0
Fire Magic     | |  5.8

Action                   |  1- 3 |  4- 6 |  7- 9 || total
-------------------------+-------+-------+-------++-------
Melee: Spear             |    26 |       |       ||    26
       Long sword        |    52 |    36 |       ||    88
       Bite              |     6 |     4 |     1 ||    11
       Quarterstaff      |       |    18 |    15 ||    33
 Cast: Scorch            |    11 |    12 |    10 ||    33
Invok: Foxfire Swarm     |     2 |     3 |     1 ||     6
       Fiery Armour      |       |     2 |       ||     2
Armor: Robe              |    17 |       |       ||    17
       Ring mail         |     3 |       |       ||     3
       Scale mail        |     3 |    25 |     8 ||    36
Dodge: Dodged            |    62 |    35 |     5 ||   102
